 Dungeon Crawl Stone Soup version 0.27.1-1-g398f81649c (webtiles) character file.

Game seed: 2978124016266221456

188 acemry the Stinger (level 5, -16/33 HPs)
             Began as an Octopode Transmuter on Sept 7, 2021.
             Demolished by Crazy Yiuf (17 damage)
             ... on level 3 of the Dungeon.
             The game lasted 00:06:28 (3927 turns).

acemry the Stinger (Octopode Transmuter)            Turns: 3927, Time: 00:06:29

Health: -16/33     AC:  2    Str: 10    XL:     5   Next: 67%
Magic:  5/8        EV: 19    Int: 16    God:
Gold:   108        SH:  0    Dex: 17    Spells: 5/9 levels left

rFire    . . .     SeeInvis .     - Unarmed
rCold    . . .     Faith    .   (shield currently unavailable)
rNeg     . . .     Spirit   .   (helmet currently unavailable)
rPois    x         Reflect  .   (no amulet)
rElec    .         Harm     .   (no ring)
rCorr    .         Rampage  .   (no ring)
Will     .....                  (no ring)
Stlth    ++........             (no ring)
HPRegen  0.11/turn              (no ring)
MPRegen  0.11/turn              (no ring)
                                (no ring)
                                (no ring)

@: lethally poisoned (-16 -> -36), spider-form
A: venomous fangs, almost no armour, (amphibious), 8 rings, tiny, (camouflage
1), (gelatinous body 1), (nimble swimmer 1), (tentacles)
a: End Transformation


You were on level 3 of the Dungeon.
You were a venomous arachnid creature.
You visited 1 branch of the dungeon, and saw 3 of its levels.

You collected 108 gold pieces.

Inventory:

Hand Weapons
 b - a +0 dagger
Armour
 h - a +2 buckler
Scrolls
 a - a scroll of fear {unknown}
 d - 2 scrolls of identify {unknown}
 f - 3 scrolls of teleportation {unknown}
 j - a scroll of fog {unknown}
Potions
 c - 2 potions of flight {unknown}
 e - a potion of invisibility {unknown}
 g - 3 potions of curing {unknown}
 i - a potion of brilliance {unknown}


   Skills:
 - Level 1.0 Fighting
 - Level 2.0 Dodging
 - Level 3.0 Unarmed Combat
 - Level 2.5 Spellcasting
 - Level 3.7 Transmutations
 * Level 4.4 Poison Magic


You had 5 spell levels left.
You knew the following spells:

 Your Spells              Type           Power      Damage    Failure   Level
a - Beastly Appendage     Tmut           26%        N/A       13%         1
b - Spider Form           Tmut/Pois      7%         N/A       26%         3

Your spell library contained the following spells:

 Spells                   Type           Power      Damage    Failure   Level
 Wereblood                Tmut           13%        N/A       17%         2
 Gell's Gravitas          Tloc           1%         N/A       73%         3
 Teleport Other           Tloc           2%         N/A       73%         3
 Ice Form                 Ice/Tmut       7%         N/A       85%         4
 Dispersal                Tloc           1%         N/A       100%        6


Dungeon Overview and Level Annotations

Branches:
Dungeon (3/15)

Altars:
Cheibriados
Zin

Annotations:
D:3 Crazy Yiuf


Innate Abilities, Weirdness & Mutations

You are a venomous arachnid creature.
You have poisonous fangs.
You are tiny and dextrous.
Your spellcasting is less reliable in this form.
Your armour is entirely melded.
You are incapable of wielding weapons or throwing items.
You cannot wear most types of armour.
((You are amphibious.))
You can wear up to eight rings at the same time.
((Your skin changes colour to match your surroundings (Stealth+).))
((Your rubbery body absorbs attacks. (AC +1, EV +1)))
((You are camouflaged near water. (Stealth+)))
((You have tentacles for arms and can constrict up to eight enemies at once.))


Message History

An orc comes into view. It is wielding a +0 club.
Casting: Spider Form (quite dangerous; 11% risk of failure)
Confirm with . or Enter, or press ? or * to list all spells.
The spell is quite dangerous to cast (11% risk of failure)!
Continue anyway?
You turn into a venomous arachnid creature.
The orc shouts!
You hit the orc.
You kill the orc!
No target in view!
No target in view!
Your transformation is almost over.
Your transformation has ended.
You see here a +0 club.
You see here a +0 club.
You see here a +0 trident.
Could not explore, unopened runed door.
Could not explore, unopened runed door.
Could not explore, unopened runed door.
Casting: Spider Form (quite dangerous; 11% risk of failure)
Confirm with . or Enter, or press ? or * to list all spells.
The spell is quite dangerous to cast (11% risk of failure)!
Continue anyway?
You turn into a venomous arachnid creature.
Crazy Yiuf shouts!
You open the door. You hit Crazy Yiuf.
Crazy Yiuf is poisoned.
Crazy Yiuf is moderately wounded.
Crazy Yiuf closely misses you.
You hit Crazy Yiuf but do no damage.
Crazy Yiuf looks as sick as possible!
Crazy Yiuf is moderately wounded.
Crazy Yiuf yells, "Ghoul foot meccalolo!"
Crazy Yiuf hits you with a +4 quarterstaff of chaos!
You are lethally poisoned!
You completely miss Crazy Yiuf.
Crazy Yiuf is moderately wounded.
You feel very sick.
Crazy Yiuf hits you with a +4 quarterstaff of chaos!
* * * LOW HITPOINT WARNING * * *
You are electrocuted!
Ouch! That really hurt!
You die...

#####
#..)#
#...#
... #g#
##s#
#.##
##.#
#.##
##.##
#.P.##
#P.P.#
#....#
########
##+..+#


You could see Crazy Yiuf (extremely poisoned).

Vanquished Creatures
  A sky beast (D:3)
  A gnoll (D:1)
  2 adders (D:2)
  2 dart slugs (D:1)
  3 orcs (D:3)
  6 ball pythons
  7 endoplasms
  4 giant cockroaches
  8 goblins
  4 hobgoblins
  5 jackals
  4 bats
  4 frilled lizards
  2 kobolds (D:3)
  7 rats
60 creatures vanquished.

Vanquished Creatures (others)
  A fungus (D:3)
1 creature vanquished.

Grand Total: 61 creatures vanquished

Notes
Turn   | Place    | Note
-------+----------+-------------------------------------------
     0 | D:1      | acemry the Octopode Transmuter began the quest for the Orb.
     0 | D:1      | Reached XP level 1. HP: 13/13 MP: 3/3
    55 | D:1      | Reached XP level 2. HP: 3/18 MP: 1/5
   785 | D:1      | Reached XP level 3. HP: 23/23 MP: 4/6
   792 | D:1      | Learned a level 3 spell: Spider Form
   808 | D:1      | Found a faded altar of an unknown god.
  1492 | D:2      | Reached skill level 1 in Poison Magic
  1684 | D:2      | Reached XP level 4. HP: 25/28 MP: 5/7
  2128 | D:2      | Found a snail-covered altar of Cheibriados.
  2974 | D:3      | Noticed a sky beast
  2992 | D:3      | Killed a sky beast
  2993 | D:3      | Reached skill level 4 in Poison Magic
  2993 | D:3      | Reached XP level 5. HP: 3/33 MP: 5/8
  3690 | D:3      | Found a glowing silver altar of Zin.
  3690 | D:3      | Noticed an angel
  3768 | D:3      | Found a runed translucent door.
  3769 | D:3      | Noticed Crazy Yiuf
  3927 | D:3      | HP: 1/33 [Crazy Yiuf (15)]
  3927 | D:3      | Demolished by Crazy Yiuf

Illustrated notes

Levels and vault maps discovered:
D:1:      saegor_arrival_simple_e, layout_basic, basic_ecumenical_altar,
          minmay_domino_4
D:2:      layout_basic, basic_altar
D:3:      layout_rooms, zin_angel, chequers_serial_rivers_small_a,
          uniq_crazy_yiuf_cottage

Skill      XL: |  1  2  3  4 |
---------------+-------------+-----
Transmutations | 3 |  3.7
Poison Magic   | 1 4 |  4.4
Fighting       | |  1.0
Dodging        | |  2.0
Unarmed Combat | |  3.0
Spellcasting   | |  2.5

Action                   |  1- 3 |  4- 6 || total
-------------------------+-------+-------++-------
Melee: Unarmed           |    63 |    70 ||   133
       Kick              |    11 |     7 ||    18
       Constrict         |    17 |     9 ||    26
       Tentacles         |     8 |     4 ||    12
       Punch             |     2 |       ||     2
 Cast: Beastly Appendage |    22 |    16 ||    38
       Spider Form       |       |    10 ||    10
 Stab: Sleeping          |     2 |     2 ||     4
Armor: Skin              |     2 |     5 ||     7
Dodge: Dodged            |    37 |    39 ||    76
